 Dungeon Crawl Stone Soup version 0.31-a0-431-g88bdf31460 (webtiles) character file.

Game seed: 8851587233231274816

42 shadowstone the Shooter (level 3, -17/28 HPs)
             Began as a Formicid Hunter on July 31, 2023.
             Was a Follower of Sif Muna.
             Demolished by an orc
             ... wielding a +2 short sword of electrocution
              (18 damage)
             ... on level 3 of the Dungeon.
             The game lasted 00:03:45 (840 turns).

shadowstone the Shooter (Formicid Hunter)            Turns: 840, Time: 00:03:46

Health: -17/28     AC:  3    Str: 21    XL:     3   Next: 80%
Magic:  3/3        EV: 12    Int: 10    God:    Sif Muna [*.....]
Gold:   72         SH:  0    Dex: 17    Spells: 2/2 levels left

rFire   . . .        a - +0 shortbow
rCold   . . .        (no shield)
rNeg    . . .        c - +0 leather armour
rPois   .            (helmet unavailable)
rElec   .            (no cloak)
rCorr   .            (no gloves)
SInv    +            (no boots)
Will    .....        (no amulet)
Stlth   ++           d - +6 ring of strength
HPRegen 0.24/turn    (no ring)
MPRegen 0.08/turn

%: no passive effects
@: no status effects
A: permanent stasis, dig shafts and tunnels, antennae 3, four strong arms
a: Dig, Shaft Self, Renounce Religion, Channel Magic


You were on level 3 of the Dungeon.
You worshipped Sif Muna.
Sif Muna was aware of your devotion.
You visited 1 branch of the dungeon, and saw 3 of its levels.

You collected 72 gold pieces.

Inventory:

Hand Weapons
 a - a +0 shortbow (weapon)
 i - a +3 whip
Missiles
 m - 3 boomerangs
Armour
 c - a +0 leather armour (worn)
 f - a +0 pair of gloves
 g - a scarf of resistance
 h - a +0 ring mail
Jewellery
 d - a +6 ring of strength (left hand)
Scrolls
 b - a scroll of butterflies
 e - a scroll of identify {unknown}
 j - a scroll of noise {unknown}
 n - 3 scrolls of amnesia {unknown}
Potions
 k - a potion of attraction {unknown}
 l - 2 potions of enlightenment {unknown}


   Skills:
 + Level 2.5 Fighting
 + Level 4.9 Ranged Weapons
 + Level 0.2 Armour
 + Level 2.0 Dodging
 + Level 1.2 Stealth


You had 2 spell levels left.
You didn't know any spells.
Your spell library was empty.

Dungeon Overview and Level Annotations

Branches:
Dungeon (3/15)

Altars:
Sif Muna


Innate Abilities, Weirdness & Mutations

You cannot be hasted, slowed, berserked, paralysed or teleported.
You can dig through walls and to a lower floor.
You have a pair of large antennae on your head. (SInv)
Your four strong arms can wield two-handed weapons with a shield.


Message History

You climb downwards.
The orc hits you with a +0 flail! The orc barely misses you.
The orc closely misses you.
There is a stone staircase leading up, spattered with blood here.
You shoot an arrow. The arrow hits the orc.
The orc is lightly wounded.
The orc hits you with a +0 flail. The orc closely misses you. x2
You shoot an arrow.
The arrow hits the orc but does no damage.
The orc is lightly wounded.
The orc barely misses you. The orc closely misses you. x2
You shoot an arrow. The arrow closely misses the orc.
The orc barely misses you. The orc closely misses you.
The orc hits you with a +0 flail. x2
The orc hits you with a +2 short sword of electrocution.
The orc closely misses you.
You are too injured to fight recklessly!
You are too injured to fight recklessly!
You can't go down here!
The orc barely misses you. The orc closely misses you.
The orc barely misses you.
You climb upwards.
There is a stone staircase leading down here.
There are monsters nearby!
The orc hits you with a +0 flail!
* * * LOW HITPOINT WARNING * * *
The orc barely misses you.
You climb downwards.
The hobgoblin shouts!
The hobgoblin closely misses you.
There is a stone staircase leading up, spattered with blood here.
You are too injured to fight recklessly!
You shoot an arrow. The arrow hits the orc.
The orc is moderately wounded.
The hobgoblin misses you. The orc hits you with a +0 flail.
* * * LOW HITPOINT WARNING * * *
The orc hits you with a +2 short sword of electrocution.
* * * LOW HITPOINT WARNING * * *
You are electrocuted!!
Ouch! That really hurt!
You die...

... ..... ...
...# .... ...#
#...#.g#
.#...#..#
........####.#
.......g.....#
#@o.$.#
#o###.# #.#
#.# #.. #..
#.. #..#


You could see 2 orcs and 2 hobgoblins.

Vanquished Creatures
  Jessica (D:2)
  3 ball pythons (D:1)
  An endoplasm (D:1)
  2 goblins
  2 hobgoblins (D:1)
  2 jackals (D:1)
  A quokka (D:1)
  A frilled lizard (D:1)
  2 kobolds
15 creatures vanquished.

Notes
Turn   | Place    | Note
-------+----------+-------------------------------------------
     0 | D:1      | shadowstone the Formicid Hunter began the quest for the
                  | Orb.
     0 | D:1      | Reached XP level 1. HP: 16/16 MP: 1/1
   214 | D:1      | Reached XP level 2. HP: 22/22 MP: 2/2
   245 | D:1      | Found a faded altar of an unknown god.
   259 | D:1      | Prayed at the altar of an unknown god.
   259 | D:1      | Became a worshipper of Sif Muna the Loreminder
   259 | D:1      | Reached * piety under Sif Muna
   776 | D:2      | Noticed Jessica
   778 | D:2      | Killed Jessica
   779 | D:2      | Reached XP level 3. HP: 28/28 MP: 3/3
   840 | D:3      | HP: 1/28 [orc/+2 short sword of electrocution (2)]
   840 | D:3      | Demolished by an orc

Illustrated notes

Levels and vault maps discovered:
D:1:      eino_arrival_cavern_c, layout_rooms,
          hellmonk_ecumenical_altar_zigzags, amcnicky_mini_rare_corridor_liquid
D:2:      cheibrodos_fertilizer, layout_rooms, basic_altar, serial_rivers,
          chequers_serial_rivers_micro_c, chequers_serial_rivers_small_3,
          chequers_serial_rivers_marsh, chequers_serial_rivers_small_b,
          chequers_serial_rivers_micro_c, serial_bayou_pond_d, uniq_jessica
D:3:      layout_loops_ring

Skill      XL: |  1  2 |
---------------+-------+-----
Dodging        | 2 |  2.0
Fighting       | |  2.5
Ranged Weapons | |  4.9
Armour         | |  0.2
Stealth        | |  1.2

Action                     || total
---------------------------++-------
   Fire: Shortbow          ||    46
Ability: Dig               ||     6
 Armour: Leather armour    ||     5
  Dodge: Dodged            ||    33

Table legend: (Time is in decaauts)
 A = Elapsed time spent in this place.
 B = Non-inter-level travel time spent in this place.
 C = Inter-level travel time spent in this place.
 D = Time resting spent in this place.
 E = Time spent auto-exploring this place.
 F = Levels seen in this place.
 G = Mean time per level.
                   A        B        C        D        E       F      G
               +--------+--------+--------+--------+--------+-----+--------+
         Total |    849 |    760 |     89 |      0 |    400 |   3 |  283.0 |
       Dungeon |    849 |    760 |     89 |      0 |    400 |   3 |  283.0 |
               +--------+--------+--------+--------+--------+-----+--------+

Top non-repeatable levels by time:
     D:1: 735 daAuts
     D:2: 104 daAuts
     D:3: 9 daAuts
